 Dungeon Crawl Stone Soup version 0.20.0-15-g7f486f2 (webtiles) character file.

132 straycat the Magician (level 4, -3/34 HPs)
             Began as a Vampire Wanderer on June 13, 2017.
             Slain by Crazy Yiuf
             ... wielding a +4 quarterstaff of chaos
              (6 damage)
             ... on level 2 of the Dungeon.
             The game lasted 00:10:03 (2963 turns).

straycat the Magician (Vampire Wanderer)            Turns: 2963, Time: 00:10:04

Health: -3/34      AC: 11    Str: 11    XL:     4   Next: 92%
Magic:  11/11      EV: 11    Int: 13    God:
Gold:   57         SH:  0    Dex: 15    Spells: 10/13 levels left

rFire    . . .     SeeInvis +   t - +0 long sword
rCold    + . .     Gourm    .   (no shield)
rNeg     + + .     Faith    .   m - +0 ring mail
rPois    +         Spirit   .   q - +2 helmet
rElec    .         Reflect  .   (no cloak)
rCorr    .         Harm     .   (no gloves)
MR       .....                  j - +2 pair of boots
Stlth    +++.......             (no amulet)
Regen    0.1/turn               (no ring)
MPRegen  0.2/turn               (no ring)

@: regenerating slowly
A: fangs 3, see invisible, unbreathing
a: Bat Form


You were on level 2 of the Dungeon.
You were thirsty.

You visited 1 branch of the dungeon, and saw 2 of its levels.

You collected 57 gold pieces.

Inventory:

Hand Weapons
 b - a +0 short sword
 i - a +0 war axe
 t - a +0 long sword (weapon)
Missiles
 l - 64 arrows
 n - 46 stones (quivered)
 r - 15 bolts
Armour
 j - a +2 pair of boots (worn)
 m - a +0 ring mail (worn)
 q - a +2 helmet (worn)
 s - a +1 helmet
Jewellery
 o - an uncursed ring of protection from magic {unknown}
Scrolls
 g - 2 scrolls of enchant weapon {unknown}
 h - a scroll of amnesia {unknown}
 p - a scroll of immolation {unknown}
Potions
 c - a potion of lignification
 d - a potion of ambrosia {unknown}
 e - 13 potions of blood
 f - a potion of heal wounds {unknown}
 k - a potion of brilliance {unknown}
Books
 a - a book of Minor Magic

   Spells                             Type                      Level
   a - Magic Dart                     Conjuration                  1
   b - Blink                          Translocation                2
   c - Call Imp                       Summoning                    2
   d - Slow                           Hexes                        2
   e - Conjure Flame                  Conjuration/Fire             3
   f - Mephitic Cloud                 Conjuration/Poison/Air       3


   Skills:
 * Level 2.5 Fighting
 * Level 3.2 Dodging
 + Level 3.9 Stealth
   Level 1.0 Shields
 - Level 2.1 Unarmed Combat
 - Level 5.0 Spellcasting


You had 10 spell levels left.
You knew the following spells:

 Your Spells              Type           Power        Failure   Level  Hunger
a - Magic Dart            Conj           #...         41%         1    None
b - Slow                  Hex            #.......     56%         2    ##.....


Dungeon Overview and Level Annotations

Branches:
Dungeon (2/15)

Altars:
The Shining One

Annotations:
D:2 Crazy Yiuf


Innate Abilities, Weirdness & Mutations

You heal slowly.
You have razor-sharp teeth.
You have supernaturally acute eyesight. (SInv)
You can survive without breathing.


Message History

You slash the goblin!
You kill the goblin!
Crazy Yiuf shouts!
Crazy Yiuf hits you with a quarterstaff of chaos.
Things that are here:
a mace x2
You hit Crazy Yiuf.
Crazy Yiuf is moderately wounded.
Crazy Yiuf yells, "Proton unthinkable noodlescoop!"
Crazy Yiuf completely misses you. Crazy Yiuf closely misses you.
You hit Crazy Yiuf.
Crazy Yiuf is heavily wounded.
Crazy Yiuf hits you with a quarterstaff of chaos!
You are electrocuted!
Ouch! That really hurt!
* * * LOW HITPOINT WARNING * * *
You hit Crazy Yiuf.
Crazy Yiuf is severely wounded.
Crazy Yiuf hits you with a quarterstaff of chaos.
You die...

###..........####...###..##.#
######.......# #...# ##.##.#
.............# #...# #..#.#
######.....### #########+#.##
#.....# #.......# #.....#
##### #.......# #.....# #..)#
#....<..# #.....# #.g.#
#..#...## # #.....# #.@.#
#..##..# # #†....# ##'##
#..##..# # #.....# ♣♣.♣
#..###.##### # #.....# ♣.♣♣
#..# #.#.... # #####.# ♣♣.♣
#..# #.#.### ##### #.# ♣.♣♣
#..# #.#.# ....# ### ♣♣)♣♣
#..# #>#.# ....# ♣...♣♣ #..#
###.# ....######## ♣....♣
#### #.#


You could see Crazy Yiuf.

Vanquished Creatures
  Natasha (twice) (D:2)
  A worker ant (D:2)
  An adder (D:2)
  A worm (D:2)
  A dart slug (D:1)
  3 giant cockroaches
  6 goblins
  10 hobgoblins
  5 kobolds
  2 quokkas (D:2)
  A ball python (D:2)
  4 bats
  3 frilled lizards
  6 rats
46 creatures vanquished.

Notes
Turn   | Place    | Note
-------+----------+-------------------------------------------
     0 | D:1      | straycat the Vampire Wanderer began the quest for the Orb.
     0 | D:1      | straycat set off with: a book of Minor Magic, a +0 short sword, a potion of lignification, a +0 robe, a potion of blood
     0 | D:1      | Reached XP level 1. HP: 15/15 MP: 6/6
     2 | D:1      | Learned a level 1 spell: Magic Dart
   206 | D:1      | Reached skill level 1 in Dodging
   360 | D:1      | Reached XP level 2. HP: 21/21 MP: 1/8
   811 | D:1      | Found a glowing golden altar of the Shining One.
   950 | D:1      | Reached XP level 3. HP: 4/27 MP: 9/9
  1900 | D:2      | Learned a level 2 spell: Slow
  2290 | D:2      | Found a runed door.
  2481 | D:2      | Reached XP level 4. HP: 25/33 MP: 11/11
  2702 | D:2      | Noticed Natasha
  2708 | D:2      | Killed Natasha
  2735 | D:2      | Noticed Natasha
  2745 | D:2      | Killed Natasha
  2957 | D:2      | Noticed Crazy Yiuf
  2963 | D:2      | Slain by Crazy Yiuf

Skill      XL: |  1  2  3  4 |
---------------+-------------+-----
Stealth        | 2 3 |  3.9
Dodging        | 1 2 3 |  3.2
Fighting       | 2 |  2.5
Shields        | |  1.0
Unarmed Combat | |  2.1
Spellcasting   | |  5.0

Action                   |  1- 3 |  4- 6 || total
-------------------------+-------+-------++-------
Melee: Short sword       |    68 |       ||    68
       Bite              |    14 |     1 ||    15
       Club              |    63 |       ||    63
       War axe           |    28 |    14 ||    42
       Long sword        |       |     4 ||     4
 Cast: Magic Dart        |    26 |       ||    26
  Use: Potion            |     3 |       ||     3
       Scroll            |     2 |       ||     2
 Stab: Sleeping          |     3 |     1 ||     4
  Eat: Corpse            |     1 |     1 ||     2
Armor: Robe              |    22 |       ||    22
       Ring mail         |    36 |     8 ||    44
Dodge: Dodged            |   102 |    13 ||   115
